 Dungeon Crawl Stone Soup version 0.28-a0-1506-g3893175d92 (webtiles) character file.

Game seed: 2103224827331290492

11 knot the Chopper (level 2, 0/24 HPs)
             Began as a Demonspawn Berserker on Jan 14, 2022.
             Was a Follower of Trog.
             Slain by a quokka (3 damage)
             ... on level 1 of the Dungeon.
             The game lasted 00:00:21 (713 turns).

knot the Chopper (Demonspawn Berserker)              Turns: 713, Time: 00:00:22

Health: 0/24       AC:  2    Str: 17    XL:     2   Next: 17%
Magic:  2/2        EV: 12    Int:  8    God:    Trog [*.....]
Gold:   28         SH:  0    Dex: 12    Spells: 1/1 levels left

rFire   . . .      SeeInvis .   a - +0 hand axe
rCold   . . .      Faith    .   (no shield)
rNeg    . . .      Spirit   .   b - +0 animal skin
rPois   .          Reflect  .   (helmet restricted)
rElec   .          Harm     .   (no cloak)
rCorr   .          Rampage  .   (no gloves)
Will    .....                   (no boots)
Stlth   +.........              (no amulet)
HPRegen 0.08/turn               (no ring)
MPRegen 0.08/turn               (no ring)

@: no status effects
A: horns 1
a: Renounce Religion, Berserk


You were on level 1 of the Dungeon.
You worshipped Trog.
Trog was aware of your devotion.
You visited 1 branch of the dungeon, and saw 1 of its levels.

You collected 28 gold pieces.

Inventory:

Hand Weapons
 a - a +0 hand axe (weapon)
Missiles
 e - 16 stones (quivered)
Armour
 b - a +0 animal skin (worn)
Scrolls
 d - a scroll of holy word {unknown}
 f - a scroll of enchant weapon {unknown}
 g - a scroll of identify {unknown}
Potions
 c - a potion of might {unknown}
 h - a potion of attraction {unknown}


   Skills:
 - Level 3.0 Fighting
 + Level 3.3 Axes
 - Level 1.7 Armour
 - Level 1.7 Dodging


You had one spell level left.
You didn't know any spells.
Your spell library was empty.

Dungeon Overview and Level Annotations

Branches:
Dungeon (1/15)

Altars:


Innate Abilities, Weirdness & Mutations

You have a pair of small horns on your head.


Message History

A hobgoblin comes into view.
Found a stone staircase leading down.
Found 23 bolts.
The hobgoblin shouts!
You hear a shout!
The quokka misses you. The quokka bites you.
You hit the quokka.
The quokka is lightly wounded.
A kobold comes into view.
It is wielding a +0 short sword of speed.
The quokka barely misses you. The hobgoblin misses you.
You closely miss the quokka.
The quokka is lightly wounded.
You hit the hobgoblin. The quokka closely misses you. The hobgoblin hits you.
You hit the hobgoblin but do no damage.
The hobgoblin is severely wounded.
You barely miss the quokka.
The quokka bites you but does no damage.
The hobgoblin closely misses you. The quokka bites you.
You closely miss the hobgoblin.
The hobgoblin is severely wounded.
You hit the quokka but do no damage. The hobgoblin hits you.
The quokka bites you.
* * * LOW HITPOINT WARNING * * *
You are too injured to fight recklessly!
You are too injured to fight recklessly!
You are too injured to fight recklessly!
You fail to use your ability.
The quokka barely misses you. The hobgoblin hits you.
* * * LOW HITPOINT WARNING * * *
You hit the hobgoblin.
You kill the hobgoblin!
Trog accepts your kill.
You hit the quokka.
The quokka twitches its whiskers.
The quokka bites you but does no damage.
The quokka bites you.
* * * LOW HITPOINT WARNING * * *
You hit the kobold.
The kobold is severely wounded.
You hit the quokka. The kobold closely misses you. The quokka bites you.
You die...

.. ## ##### .>
..#. #.... ..
## ....##..
.... .. .# ....
.(.. ...#
.##.##.... ...
...# ..........
#.# ...
........
#.###K#.#
..#.....
#...@r..#
..#.##..
##†####....(.
....##.## #..#
.####
....##.##.##..#
..
....##.##.....#
..
...)##.#####.##
## ###.#..##
#.# .>.....>#
#.# ...♣♣♣..##
#.#


You could see a quokka and a kobold.

Vanquished Creatures
  2 goblins (D:1)
  2 hobgoblins (D:1)
  A kobold (D:1)
  2 quokkas (D:1)
  3 rats (D:1)
10 creatures vanquished.

Notes
Turn   | Place    | Note
-------+----------+-------------------------------------------
     0 | D:1      | knot the Demonspawn Berserker began the quest for the Orb.
     0 | D:1      | Reached XP level 1. HP: 18/18 MP: 1/1
   597 | D:1      | Gained mutation: You have a pair of small horns on your
                  | head. [demonic ancestry]
   597 | D:1      | Reached XP level 2. HP: 24/24 MP: 2/2
   713 | D:1      | Slain by a quokka

Illustrated notes

Levels and vault maps discovered:
D:1:      heliophobic_arrival_henge, layout_rooms, minmay_pentomino_o4

Skill      XL: |  1 |
---------------+----+-----
Axes           | 3 |  3.3
Fighting       | |  3.0
Armour         | |  1.7
Dodging        | |  1.7

Action                   || total
-------------------------++-------
Melee: Hand axe          ||    30
Invok: Berserk           ||     2
Armor: Animal skin       ||     4
Dodge: Dodged            ||    22

Table legend: (Time is in decaauts)
 A = Elapsed time spent in this place.
 B = Non-inter-level travel time spent in this place.
 C = Inter-level travel time spent in this place.
 D = Time resting spent in this place.
 E = Time spent auto-exploring this place.
 F = Levels seen in this place.
 G = Mean time per level.
                   A        B        C        D        E       F      G
               +--------+--------+--------+--------+--------+-----+--------+
         Total |    741 |    741 |      0 |    435 |    234 |   1 |  741.0 |
       Dungeon |    741 |    741 |      0 |    435 |    234 |   1 |  741.0 |
               +--------+--------+--------+--------+--------+-----+--------+

Top non-repeatable levels by time:
     D:1: 741 daAuts
